 Dungeon Crawl Stone Soup version 0.29-a0-923-g6e406bff71 (webtiles) character file.

Game seed: 6917806856324394719

32 Elmgren the Stinger (level 3, -6/19 HPs)
             Began as a Gargoyle Venom Mage on July 28, 2022.
             Mangled by a gnoll
             ... wielding a +0 whip
              (7 damage)
             ... on level 1 of the Dungeon.
             The game lasted 00:07:33 (2333 turns).

Elmgren the Stinger (Gargoyle Venom Mage)           Turns: 2333, Time: 00:07:33

Health: -6/19      AC:  5    Str: 11    XL:     3   Next: 27%
Magic:  2/6        EV: 11    Int: 17    God:
Gold:   75         SH:  0    Dex: 10    Spells: 0/6 levels left

rFire   . . .      SeeInvis .   (no weapon)
rCold   . . .      Faith    .   (no shield)
rNeg    + . .      Spirit   .   a - +0 robe
rPois   ∞          Reflect  .   (no helmet)
rElec   +          Harm     .   (no cloak)
rCorr   .          Rampage  .   (no gloves)
Will    .....                   (no boots)
Stlth   ++........              (no amulet)
HPRegen 0.06/turn               (no ring)
MPRegen 0.10/turn               (no ring)

@: very slightly contaminated
A: sickness immunity, AC +3, negative energy resistance 1, electricity
resistance, torment resistance 1, petrification resistance
a: no special abilities


You were on level 1 of the Dungeon.
You visited 1 branch of the dungeon, and saw 1 of its levels.

You collected 75 gold pieces.

Inventory:

Missiles
 g - 2 throwing nets
Armour
 a - a +0 robe (worn)
Scrolls
 d - a scroll of silence {unknown}
 f - a scroll of noise {unknown}
Potions
 b - a potion of magic
 c - a potion of curing {unknown}
 e - a potion of flight {unknown}


   Skills:
 - Level 1.5 Dodging
 + Level 2.7 Stealth
 + Level 2.4 Spellcasting
 + Level 1.3 Transmutations
 + Level 3.3 Poison Magic


You couldn't memorise any spells.
You knew the following spells:

 Your Spells              Type           Power      Damage    Failure   Level
a - Sting                 Tmut/Pois      40%        1d5       7%          1
b - Poisonous Vapours     Pois/Air       14%        N/A       14%         2
c - Mephitic Cloud        Conj/Pois/Air  5%         N/A       34%         3

Your spell library contained the following spells:

 Spells                   Type           Power      Damage    Failure   Level
 Olgreb's Toxic Radiance  Pois           13%        N/A       43%         4


Dungeon Overview and Level Annotations

Branches:
Dungeon (1/15)

Altars:

Annotations:
D:1 1 runed translucent door


Innate Abilities, Weirdness & Mutations

You are immune to sickness and miasma.
Your stone body is resilient. (AC +3)
You are immune to poison.
You resist negative energy. (rN+)
You are resistant to electric shocks. (rElec)
You are resistant to unholy torment.
You are immune to petrification.


Message History

Aim: a gnoll, wielding a +0 whip (75% to hit)
The sting hits the gnoll.
The gnoll is poisoned.
The gnoll is moderately wounded.
The gnoll completely misses you. The gnoll attacks as you move away!
The gnoll hits you with a +0 whip. The gnoll attacks as you move away!
The gnoll hits you with a +0 whip.
Casting: Sting (safe; 7% risk of failure)
Confirm with . or Enter, or press ? or * to list all spells.
The spell is astonishingly dangerous to miscast (34% risk of failure)!
Continue anyway? [Y]es or [N]o only, please.
The spell is astonishingly dangerous to miscast (34% risk of failure)!
Continue anyway? [Y]es or [N]o only, please.
The spell is astonishingly dangerous to miscast (34% risk of failure)!
Continue anyway?
Okay, then.
Casting: Mephitic Cloud (astonishingly dangerous; 34% risk of failure)
Confirm with . or Enter, or press ? or * to list all spells.
Aiming: Poisonous Vapours (safe; 14% risk of failure)
Press: ? - help, Dir - move target, f/p - gnoll
Aim: a gnoll, wielding a +0 whip (heavily wounded, poisoned)
You miscast Poisonous Vapours.
You are very lightly contaminated with residual magic.
Nothing appears to happen.
The gnoll hits you with a +0 whip. The gnoll attacks as you move away!
The gnoll misses you.
Casting: Poisonous Vapours (safe; 14% risk of failure)
Confirm with . or Enter, or press ? or * to list all spells.
Aiming: Sting (safe; 7% risk of failure)
Press: ? - help, Shift-Dir - straight line, f/p - gnoll
Aim: a gnoll, wielding a +0 whip (severely wounded, poisoned, 75% to hit)
The sting misses the gnoll.
The gnoll looks more healthy.
The gnoll hits you with a +0 whip.
* * * LOW HITPOINT WARNING * * *
Casting: Sting (safe; 7% risk of failure)
Confirm with . or Enter, or press ? or * to list all spells.
Aiming: Sting (safe; 7% risk of failure)
Press: ? - help, Shift-Dir - straight line, f/p - gnoll
Aim: a gnoll, wielding a +0 whip (severely wounded, 75% to hit)
The sting hits the gnoll.
The gnoll is poisoned.
The gnoll is almost dead.
The gnoll hits you with a +0 whip!
You die...

##.##.#......<......#.# ##.#
#....#..⌠...>...⌠..#.# #.#
#.#..###'#######'###.# #.#
###.##.................#####.####
....######..######...............
###########.#######............##
#......†.....##...######.#.##
#.#####.####.##...###........ #.#
#.# #@##..........#.## ##.##
#.####g##...######.#.## ####...##
#..................#.## ........#
######.##...######.#)## #....#
#.##)..######..... ##.#.#
#.##............## # #.#.#
#.##..########### # #.#.#####
#.##..# #####............##..#


You could see a gnoll (poisoned).

Vanquished Creatures
  2 dart slugs (D:1)
  2 ball pythons (D:1)
  6 endoplasms (D:1)
  3 giant cockroaches (D:1)
  2 goblins (D:1)
  3 hobgoblins (D:1)
  A kobold (D:1)
  A quokka (D:1)
  2 frilled lizards (D:1)
  A rat (D:1)
23 creatures vanquished.

Vanquished Creatures (others)
  2 plants (D:1)
2 creatures vanquished.

Grand Total: 25 creatures vanquished

Notes
Turn   | Place    | Note
-------+----------+-------------------------------------------
     0 | D:1      | Elmgren the Gargoyle Venom Mage began the quest for the
                  | Orb.
     0 | D:1      | Reached XP level 1. HP: 10/10 MP: 3/3
     1 | D:1      | Found a runed translucent door.
   625 | D:1      | Reached skill level 1 in Transmutations
   751 | D:1      | Reached XP level 2. HP: 11/15 MP: 1/5
   841 | D:1      | Learned a level 2 spell: Poisonous Vapours
   900 | D:1      | Found a faded altar of an unknown god.
  1917 | D:1      | Reached XP level 3. HP: 19/19 MP: 3/6
  1945 | D:1      | Learned a level 3 spell: Mephitic Cloud
  2333 | D:1      | Mangled by a gnoll

Illustrated notes

Levels and vault maps discovered:
D:1:      dpeg_arrival_caged_fury, layout_loops_ring,
          dilly_ecumenical_altar_fadedgnrine

Skill      XL: |  1 |
---------------+----+-----
Transmutations | 1 |  1.3
Dodging        | |  1.5
Stealth        | |  2.7
Spellcasting   | |  2.4
Poison Magic   | |  3.3

Action                   || total
-------------------------++-------
Melee: Unarmed           ||     1
 Cast: Sting             ||    35
       Poisonous Vapours ||     2
 Stab: Sleeping          ||     1
Armor: Robe              ||     1
Dodge: Dodged            ||    19

Table legend: (Time is in decaauts)
 A = Elapsed time spent in this place.
 B = Non-inter-level travel time spent in this place.
 C = Inter-level travel time spent in this place.
 D = Time resting spent in this place.
 E = Time spent auto-exploring this place.
 F = Levels seen in this place.
 G = Mean time per level.
                   A        B        C        D        E       F      G
               +--------+--------+--------+--------+--------+-----+--------+
         Total |   2333 |   2333 |      0 |   1324 |    714 |   1 | 2333.0 |
       Dungeon |   2333 |   2333 |      0 |   1324 |    714 |   1 | 2333.0 |
               +--------+--------+--------+--------+--------+-----+--------+

Top non-repeatable levels by time:
     D:1: 2333 daAuts
